cohdb
Replays
Latest Replays
All Replays
Popular Replays
Top Player Replays
Match Explorer
How It Works
Community
CoH3 Stats
Reddit
Sign in to upload your games and track your stats! →
Sign in with Steam
Match 46965471
Unlisted
Match 46965471
Overview
Messages
Build Orders
End
Vickers Machine Gun Team
Construct Section Command Post
ML 3-inch Mortar Team
Infantry Section
Infantry Section
Construct Platoon Command Post
Unlock Bishop Self-propelled Artillery
6-pounder Anti-tank Gun Team
Bishop Self-propelled Artillery
Bishop Self-propelled Artillery
Light Vehicle Training
Infantry Training
6-pounder Anti-tank Gun Team
Royal Engineer Section
Construct Company Command Post
Selects Air and Sea Battlegroup
Selects Commando Section Paradrop
Selects Commando Support Section Paradrop
Selects Anti-tank Rocket Loiter
秃鹫k
【POW】游骑
TheMallis
新年辞旧喜洋洋
The101stAirBorne ITA
Reactive
Konrad Curze
FLOKL
0
0
Comments
sign in to comment!
No comments posted yet!